 BcadrenCrawl: Boulder Brew version 0.04 (webtiles) character file.

Game seed: 17347044771726280558, levelgen mode: deterministic

6 Chiseanne the Ducker (level 2, 9/19 HPs) Goblin Demonspawn. Began on Mar 21, 2021. Quit the game on level 1 of the Dungeon. The game lasted 00:00:17 (46 turns).

Chiseanne the Ducker (Goblin Demonspawn)              Turns: 46, Time: 00:00:17

Health: 9/19       AC:  3    Str:  8    XL:     2 ^: 20
Magic:  3/3        EV: 14    Int:  6    God:
Gold:   0          SH:  0    Dex:  6    Spells: 2/3 levels left

rFire    . . .     Vision   .   a - +0 long sword
rCold    . . .     Gourm    .   (weapon restricted)
rNeg     . . .     Faith    .   b - +0 leather armour
rPois    .         Spirit   .   (helmet restricted)
rElec    .         Reflect  .   (no cloak)
rCorr    .         Harm     .   (no gloves)
MR       .....                  (no boots)
Stlth    +.........             (no amulet)
HPRegen  0.16/turn              (no ring)
MPRegen  0.13/turn              (no ring)

@: no status effects
A: small, stagnant stats, goblin's greed, antennae 1, low mp 1, mutation
resistance 1, god's pity 2
a: no special abilities


You were on level 1 of the Dungeon.
You were not hungry.

You visited 1 branch of the dungeon, and saw 1 of its levels.

Inventory:

Weapons
 a - a +0 long sword (weapon)
Armour
 b - a +0 leather armour (worn)
Comestibles
 d - a ration


   Skills:
 * Level 1.9 Fighting
 - Level 2.6 Long Blades
 * Level 4.2 Dodging
 - Level 2.6 Stealth
 - Level 1.3 Spellcasting
 - Level 2.6 Fire Magic
   Level 4.0 Invocations


You had 2 spell levels left.
You knew the following spells:

 Your Spells              Type           Power        Failure   Level  Hunger
a - Flame Tongue          Fire           3 (30)       17%         1    ##.....

Your spell library contained the following spells:

 Spells                   Type           Power        Failure   Level  Hunger
 Blink                    Tloc           N/A          61%         2    ###....
 Call Imp                 Summ           0 (100)      61%         2    ###....
 Slow                     Hex            0 (100)      61%         2    ###....
 Conjure Flame            Fire           3 (100)      45%         3    ####...
 Mephitic Cloud           Pois/Air       0 (100)      83%         3    ####...


Dungeon Overview and Level Annotations

Branches:
Dungeon (1/8)

Altars:


Innate Abilities, Weirdness & Mutations

Your stats never grow through leveling.
Your goblin ancestry allows you to find more gold. (+20%)
You are small and have problems with some larger weapons.
You have a pair of small antennae on your head.
Your magical capacity is low. (-10% MP)
You are somewhat resistant to further mutation.
The pity of the gods increases the power of your passive and invoked divine abilities.


Message History

You are too injured to fight recklessly!
You barely miss the goblin. You closely miss the goblin.
The goblin barely misses you (0).
You riposte.
You closely miss the goblin. You closely miss the goblin.
You hit the goblin (2). The goblin barely misses you (0).
You slash the goblin (9)!
You kill the goblin!
The leopard gecko completely misses you (0).
You closely miss the leopard gecko. x2; The leopard gecko misses you (0).
You riposte.
You hit the leopard gecko (3).
You barely miss the leopard gecko. x2; The leopard gecko misses you (0).
The leopard gecko barely misses you (0).
You barely miss the leopard gecko. You closely miss the leopard gecko.
The leopard gecko closely misses you (0).
You hit the leopard gecko (5).
You kill the leopard gecko!
You have reached level 2!
Your demonic ancestry asserts itself...
A pair of antennae grows on your head!
Are you sure you want to abandon this character and quit the game? (Confirm with "yes".)

.### . ...#
K.#####.?#
>≈....#).#
#[....#####
#.....##..##
##....†....#
.........†#.##
##.......#@.#
##########.##
#..#
##.##########
#.♣♣♣♣♣♣♣♣♣#
#.♣<......♣#
#.♣♣PPPPP.♣#
#...P≈≈≈P.♣#
##♣.P≈8≈P.♣#


There were no monsters in sight!

Vanquished Creatures
  A leopard gecko (D:1)
  A bat (D:1)
  A goblin (D:1)
  A kobold (D:1)
4 creatures vanquished.

Notes
Turn   | Place    | Note
-------+----------+-------------------------------------------
     0 | D:1      | Chiseanne the Goblin Demonspawn began the quest for the
                  | Orb.
     0 | D:1      | Reached XP level 1. HP: 13/13 MP: 2/2
    45 | D:1      | Gained mutation: You have a pair of small antennae on your
                  | head. [demonic ancestry]
    45 | D:1      | Reached XP level 2. HP: 9/19 MP: 3/3
    46 | D:1      | Quit the game

Levels and vault maps discovered:
D:1:      tarquinn_simple_flora_water_a, layout_cave_pools

Action                   || total
-------------------------++-------
Melee: Long sword        ||    11
       Unarmed           ||     9
Armor: Leather armour    ||     4
Dodge: Dodged            ||    21
       Rpst.: Long sword ||     6
